 Dungeon Crawl Stone Soup version 0.28.0-53-g5a82cb258f (webtiles) character file.

Game seed: 8895689721921499089

4 nickcage the Firebug (level 1, 0/10 HPs)
             Began as a Deep Elf Fire Elementalist on May 20, 2022.
             Slain by a jackal (2 damage)
             ... on level 1 of the Dungeon.
             The game lasted 00:00:50 (206 turns).

nickcage the Firebug (Deep Elf Fire Elementalist)    Turns: 206, Time: 00:00:50

Health: 0/10       AC:  2    Str:  5    XL:     1   Next: 58%
Magic:  3/6        EV: 12    Int: 19    God:
Gold:   0          SH:  0    Dex: 15    Spells: 5/6 levels left

rFire   . . .      SeeInvis .   b - +0 dagger
rCold   . . .      Faith    .   (no shield)
rNeg    . . .      Spirit   .   a - +0 robe
rPois   .          Reflect  .   (no helmet)
rElec   .          Harm     .   (no cloak)
rCorr   .          Rampage  .   (no gloves)
Will    .....                   (no boots)
Stlth   ++........              (no amulet)
HPRegen 0.03/turn               (no ring)
MPRegen 0.10/turn               (no ring)

@: no status effects
A: no striking features
a: no special abilities


You were on level 1 of the Dungeon.
You visited 1 branch of the dungeon, and saw 1 of its levels.

Inventory:

Hand Weapons
 b - a +0 dagger (weapon)
Armour
 a - a +0 robe (worn)


   Skills:
 - Level 2.4 Dodging
 - Level 2.4 Stealth
 - Level 3.0 Spellcasting
 * Level 1.3 Conjurations
 + Level 3.5 Fire Magic


You had 5 spell levels left.
You knew the following spells:

 Your Spells              Type           Power      Damage    Failure   Level
a - Foxfire               Conj/Fire      48%        2x1d6     5%          1

Your spell library contained the following spells:

 Spells                   Type           Power      Damage    Failure   Level
 Scorch                   Fire           32%        2d7       5%          2
 Conjure Flame            Conj/Fire      12%        6-21      17%         3
 Inner Flame              Hex/Fire       9%         N/A       22%         3
 Flame Wave               Conj/Fire      12%        2d6       50%         4


Dungeon Overview and Level Annotations

Branches:
Dungeon (1/15)

Altars:


Message History

The bat barely misses you.
The bat barely misses you. x2; The bat hits you.
You completely miss the bat.
The jackal barks!
The bat misses you. The bat closely misses you. The bat barely misses you.
The bat hits you but does no damage. The jackal closely misses you. x2
The bat hits you but does no damage. x3
Found a hand axe.
The bat barely misses you. The bat hits you but does no damage.
The bat hits you but does no damage. The bat closely misses you.
The bat hits you.
* * * LOW HITPOINT WARNING * * *
Found a stone staircase leading down.
The bat misses you.
You are too injured to fight recklessly!
Casting: Foxfire (safe; 6% risk of failure)
Press: ? - help, Q - select action Dir - look around, f - activate You conjure some foxfire!
The bat barely misses you.
Your foxfire dissipates!
The foxfire hits the bat.
The bat is heavily wounded.
The bat hits you but does no damage.
Casting: Foxfire (safe; 6% risk of failure)
Press: ? - help, Q - select action Dir - look around, f - activate You conjure some foxfire!
The bat hits you but does no damage. The bat hits you.
* * * LOW HITPOINT WARNING * * *
The bat barely misses you.
Your foxfire dissipates!
The foxfire hits the bat.
You kill the bat!
The bat hits you but does no damage.
Casting: Foxfire (safe; 5% risk of failure)
Press: ? - help, Q - select action Dir - look around, f - activate You conjure some foxfire!
The bat hits you.
* * * LOW HITPOINT WARNING * * *
The foxfire hits the jackal but does no damage.
The jackal bites you.
You die...

#.#....### ##...... .#
..#<.### ##...##.#
##.#.## #..##.#. ..###
#?##.+. ..#
#############....#. ..+
.§.#bSg.Sg......#. ...#
#§#h##.........#.
...#####§..##.###.....#.
.......@hhh...# #.....#.
.....####..#..# ###.....
... #..#............ .
#..>...#####.....
#...###) #..... ..... ..
......# .....# ........
.... ......... ....#....


You could see 4 jackals, a goblin and a ball python.

Vanquished Creatures
  A bat (D:1)
  A goblin (D:1)
  A hobgoblin (D:1)
  A rat (D:1)
4 creatures vanquished.

Vanquished Creatures (others)
  8 foxfires (D:1)
8 creatures vanquished.

Grand Total: 12 creatures vanquished

Notes
Turn   | Place    | Note
-------+----------+-------------------------------------------
     0 | D:1      | nickcage the Deep Elf Fire Elementalist began the quest for
                  | the Orb.
     0 | D:1      | Reached XP level 1. HP: 10/10 MP: 6/6
   206 | D:1      | Slain by a jackal

Illustrated notes

Levels and vault maps discovered:
D:1:      evilmike_arrival_crescent, layout_basic, hex_large,
          hangedman_decor_points, minmay_misc_feat_alley,
          chequers_decorated_corner, hangedman_decor_growths

Action                   || total
-------------------------++-------
Melee: Dagger            ||     3
       Unarmed           ||     1
       Punch             ||     1
 Cast: Foxfire           ||     7
Armor: Robe              ||    13
Dodge: Dodged            ||    32
